 Dungeon Crawl Stone Soup version 0.20.1-1-g8b1a95d (webtiles) character file.

1728 dohliylev the Covert (level 8, 0/52 HPs)
             Began as a Vampire Enchanter on July 15, 2017.
             Succumbed to kobold's curare-tipped needle
             ... in a sewer.
             The game lasted 00:21:05 (3986 turns).

dohliylev the Covert (Vampire Enchanter)            Turns: 3986, Time: 00:21:06

Health: 0/52       AC:  1    Str:  7    XL:     8   Next: 76%
Magic:  3/13       EV: 13    Int: 19    God:
Gold:   254        SH:  0    Dex: 15    Spells: 2/14 levels left

rFire    . . .     SeeInvis +   e - +2 dagger (venom)
rCold    . . .     Gourm    .   (no shield)
rNeg     + . .     Faith    .   b - +0 robe
rPois    .         Spirit   .   y - +0 helmet
rElec    .         Reflect  .   v - +0 cloak
rCorr    .         Harm     .   (no gloves)
MR       .....                  (no boots)
Stlth    +++++.....             (no amulet)
Regen    0.4/turn               s - -3 ring of protection (curse)
MPRegen  0.2/turn               c - ring of positive energy

@: lethally poisoned (0 -> -3), regenerating quickly, slowed, very slow
A: fangs 3, see invisible, unbreathing
a: no special abilities


You were in a sewer.
You were full.

You visited 2 branches of the dungeon, and saw 7 of its levels.
You also visited: Sewer.

You collected 254 gold pieces.

Inventory:

Hand Weapons
 e - a +2 dagger of venom (weapon)
Armour
 b - a +0 robe (worn)
 v - a +0 cloak (worn)
 y - a +0 helmet (worn)
Jewellery
 c - a ring of positive energy (right hand)
 s - a cursed -3 ring of protection (left hand)
Wands
 t - a wand of flame (20/48)
 x - a wand of lightning (12/15)
Scrolls
 a - 3 scrolls of fear
 g - 7 scrolls of identify
 h - 2 scrolls of recharging {unknown}
 i - a scroll of enchant weapon {unknown}
 j - 4 scrolls of blinking
 k - 2 scrolls of enchant armour {unknown}
 l - 5 scrolls of amnesia
 m - 2 scrolls of magic mapping
 n - 6 scrolls of teleportation
 o - a scroll of fog {unknown}
 r - 2 scrolls of remove curse {unknown}
 w - a scroll of immolation {unknown}
Potions
 d - 21 potions of blood
 f - 2 potions of brilliance {unknown}
 p - 3 potions of curing
 q - a potion of haste {unknown}
 u - a potion of berserk rage {unknown}
 z - a potion of agility {unknown}
 A - a potion of heal wounds {unknown}
 B - a potion of resistance {unknown}


   Skills:
 + Level 6.0 Short Blades
 + Level 2.9 Dodging
 + Level 12.0 Stealth
 - Level 0.4 Unarmed Combat
 - Level 3.9 Spellcasting
 - Level 6.4 Hexes
 - Level 1.0 Ice Magic
 - Level 2.6 Evocations


You had 2 spell levels left.
You knew the following spells:

 Your Spells              Type           Power        Failure   Level  Hunger
a - Corona                Hex            ####...      1%          1    None
b - Ensorcelled Hibernat  Hex/Ice        ###...       4%          2    ##.....
c - Confuse               Hex            ####....     2%          3    ###....
d - Tukima's Dance        Hex            ####....     2%          3    ###....
e - Dazzling Spray        Conj/Hex       ###...       11%         3    ###....


Dungeon Overview and Level Annotations

Branches:
Dungeon (6/15)             Temple (1/1) D:6

Altars:
Ashenzari
Cheibriados
Dithmenos
Elyvilon
Fedhas
Hepliaklqana
Kikubaaqudgha
Makhleb
Okawaru
Ru
Sif Muna
Trog
Uskayaw
Vehumet
Xom
Yredelemnul
Zin

Annotations:
D:3 Quirk's ghost, amateur GrFi


Innate Abilities, Weirdness & Mutations

Your natural rate of healing is unusually fast.
You have razor-sharp teeth.
You have supernaturally acute eyesight. (SInv)
You can survive without breathing.


Message History

The kobold hits you.
* * * LOW HITPOINT WARNING * * *
The kobold hits the plant but does no damage.
Casting: Ensorcelled Hibernation
Confirm with . or Enter, or press ? or * to list all spells.
Aiming: Ensorcelled Hibernation
Press: ? - help, Shift-Dir - straight line, f/p - kobold
Aim: a kobold (chance to defeat MR: 65%)
The kobold resists with significant effort.
* * * LOW HITPOINT WARNING * * *
You feel sick. The kobold hits you with a short sword!
* * * LOW HITPOINT WARNING * * *
The kobold unwields an uncursed blowgun.
The kobold wields an uncursed dagger.
The kobold hits the plant with an uncursed dagger.
The kobold hits the plant but does no damage.
The kobold misses you. The kobold hits you with a short sword.
* * * LOW HITPOINT WARNING * * *
Yummy - fresh blood!
You die...

#≈≈... #P....
#..... #.....#
#.....#
#.....##
.P≈≈≈≈#....K.#
≈≈≈≈≈≈#....K@#
≈≈≈≈≈#....PK#
#≈≈≈#....KK#
#≈≈≈#≈≈..(.#
#≈≈≈#P≈...##
#≈≈≈≈≈P...##
#≈≈≈≈≈≈....#
#≈≈≈#P...###
#≈≈≈#P.(.#


You could see 5 kobolds.

Vanquished Creatures
  Grinder (D:2)
  Sigmund (D:3)
  Menkaure (D:6)
  An orc warrior (D:3)
  A sky beast (D:5)
  An ice beast (D:5)
  3 ogres
  A bullfrog (D:6)
  2 howler monkeys (D:5)
  A bullfrog zombie (D:5)
  A centaur zombie (D:6)
  2 jellies
  An iguana (D:5)
  Ijyb (D:4)
  An orc wizard (D:4)
  4 worker ants
  3 river rats (D:6)
  12 adders
  2 oozes
  An adder skeleton (D:4)
  4 worms
  3 dart slugs
  A leopard gecko (D:1)
  13 orcs
  2 ball pythons
  6 bats
  4 giant cockroaches
  13 goblins
  9 hobgoblins
  8 jackals
  7 kobolds
  A quokka (D:3)
  6 frilled lizards
  A leopard gecko skeleton (D:4)
  13 rats
132 creatures vanquished.

Notes
Turn   | Place    | Note
-------+----------+-------------------------------------------
     0 | D:1      | dohliylev the Vampire Enchanter began the quest for the Orb.
     0 | D:1      | Reached XP level 1. HP: 13/13 MP: 3/3
    63 | D:1      | Reached XP level 2. HP: 19/19 MP: 5/5
    67 | D:1      | Learned a level 2 spell: Ensorcelled Hibernation
   498 | D:1      | Reached skill level 5 in Stealth
   567 | D:1      | Reached XP level 3. HP: 19/24 MP: 6/6
   833 | D:2      | Reached skill level 6 in Stealth
   841 | D:2      | Reached XP level 4. HP: 26/30 MP: 2/7
   911 | D:2      | Found a snail-covered altar of Cheibriados.
  1044 | D:2      | Found a shattered altar of Ashenzari.
  1167 | D:2      | Reached skill level 7 in Stealth
  1381 | D:3      | Noticed Sigmund
  1385 | D:3      | Killed Sigmund
  1385 | D:3      | Reached skill level 9 in Stealth
  1385 | D:3      | Reached XP level 5. HP: 35/35 MP: 8/8
  1385 | D:3      | Reached XP level 6. HP: 41/41 MP: 9/9
  1432 | D:3      | Noticed Grinder
  1434 | D:3      | Paralysed by Grinder for 3 turns
  1486 | D:2      | Learned a level 3 spell: Confuse
  1536 | D:2      | Killed Grinder
  1536 | D:2      | Reached skill level 10 in Stealth
  1536 | D:2      | Reached XP level 7. HP: 28/46 MP: 4/10
  1699 | D:3      | Noticed Quirk's ghost (amateur GrFi)
  1804 | D:3      | Found an iron altar of Okawaru.
  2068 | D:3      | Found a faded altar of an unknown god.
  2100 | D:3      | Reached skill level 5 in Hexes
  2102 | D:3      | Reached skill level 1 in Evocations
  2192 | D:4      | Found a radiant altar of Vehumet.
  2246 | D:4      | Reached skill level 1 in Ice Magic
  2412 | D:4      | Noticed Ijyb
  2419 | D:4      | Killed Ijyb
  2527 | D:4      | Found a glowing silver altar of Zin.
  2583 | D:5      | Entered Level 5 of the Dungeon
  2626 | D:5      | Found a burning altar of Makhleb.
  2830 | D:5      | Learned a level 3 spell: Tukima's Dance
  2834 | D:5      | Learned a level 3 spell: Dazzling Spray
  2846 | D:5      | Reached skill level 5 in Short Blades
  3028 | D:5      | Reached XP level 8. HP: 52/52 MP: 11/13
  3479 | D:6      | Reached skill level 11 in Stealth
  3509 | D:6      | Noticed Menkaure
  3519 | D:6      | Killed Menkaure
  3535 | D:6      | Found a staircase to the Ecumenical Temple.
  3559 | Temple   | Entered the Ecumenical Temple
  3887 | D:6      | Found a glowing drain.
  3906 | Sewer    | Entered a sewer
  3976 | Sewer    | Reached skill level 12 in Stealth
  3985 | Sewer    | HP: 1/52 [kobold/short sword (2)]
  3986 | Sewer    | Succumbed to kobold's curare-tipped needle

Skill      XL: |  1  2  3  4  5  6  7  8 |
---------------+-------------------------+-----
Short Blades   | 2 3 4 5 6 |  6.0
Stealth        | 5 6 9 10 12 | 12.0
Hexes          | 5 6 |  6.4
Evocations     | 2 |  2.6
Ice Magic      | 1 |  1.0
Spellcasting   | 3 |  3.9
Dodging        | |  2.9
Unarmed Combat | |  0.4

Action                   |  1- 3 |  4- 6 |  7- 9 || total
-------------------------+-------+-------+-------++-------
Melee: Dagger            |    74 |    49 |   100 ||   223
       Bite              |     2 |     5 |     6 ||    13
       Unarmed           |       |       |     1 ||     1
 Cast: Ensorcelled Hiber |     4 |    10 |    49 ||    63
       Confuse           |       |     2 |     7 ||     9
 Abil: End Transformatio |       |     1 |     1 ||     2
       Bat Form          |       |     1 |     1 ||     2
  Use: Potion            |       |       |     5 ||     5
       Scroll            |       |       |     6 ||     6
 Stab: Sleeping          |    15 |    16 |    66 ||    97
       Confused          |       |     1 |     4 ||     5
  Eat: Corpse            |     5 |     2 |     9 ||    16
Armor: Robe              |     8 |     3 |     2 ||    13
Dodge: Dodged            |    37 |    13 |    52 ||   102
